 Dungeon Crawl Stone Soup version 0.30.0-29-ga12c61a403 (webtiles) character file.

Game seed: 18147997473433186594

104 monsoonserge the Ducker (level 4, 0/37 HPs)
             Began as a Merfolk Monk on June 16, 2023.
             Shot with an arrow by a centaur (8 damage)
             ... on level 5 of the Dungeon.
             The game lasted 00:03:18 (986 turns).

monsoonserge the Ducker (Merfolk Monk)               Turns: 986, Time: 00:03:18

Health: 0/37       AC:  7    Str: 11    XL:     4   Next: 80%
Magic:  4/4        EV: 12    Int:  9    God:
Gold:   102        SH:  0    Dex: 18    Spells: 3/3 levels left

rFire   . . .        a - +0 falchion
rCold   . . .        d - orb {light}
rNeg    . . .        j - +0 ring mail
rPois   .            g - +1 helmet
rElec   .            (no cloak)
rCorr   .            (no gloves)
SInv    .            (no boots)
Will    .....        (no amulet)
Stlth   +            (no ring)
HPRegen 0.26/turn    (no ring)
MPRegen 0.09/turn

%: no passive effects
@: glowing
A: (nimble swimmer 2), mertail
a: no special abilities


You were on level 5 of the Dungeon.
You visited 1 branch of the dungeon, and saw 5 of its levels.

You collected 102 gold pieces.

Inventory:

Hand Weapons
 a - a +0 falchion (weapon)
Armour
 b - a +0 robe
 d - an orb of light (worn)
 g - a +1 helmet (worn)
 h - a +0 leather armour
 j - a +0 ring mail (worn)
Wands
 o - a wand of digging (7)
Scrolls
 e - a scroll of vulnerability {unknown}
 f - a scroll of identify {unknown}
 i - 2 scrolls of teleportation {unknown}
 n - a scroll of fog {unknown}
Potions
 c - a potion of ambrosia
 k - a potion of curing {unknown}
 l - a potion of mutation {unknown}
 m - a potion of resistance {unknown}


   Skills:
 + Level 4.0 Fighting
 + Level 4.9 Long Blades
 + Level 0.8 Armour
 + Level 5.0 Dodging


You had 3 spell levels left.
You didn't know any spells.
Your spell library contained the following spells:

 Spells                   Type           Power      Damage    Failure   Level
 Manifold Assault         Tloc           0%         N/A       100%        4
 Dispersal                Tloc           0%         N/A       100%        6
 Disjunction              Tloc           0%         N/A       100%        8


Dungeon Overview and Level Annotations

Branches:
Dungeon (5/15)
 Temple: D:4-7

Altars:

Annotations:
D:2 Sigmund
D:4 Blork the orc


Innate Abilities, Weirdness & Mutations

((You are very nimble when in or above water. (Stealth+, EV+, Speed+++)))
Your lower body shifts to a powerful aquatic tail in water.


Message History

You hit the gnoll but do no damage.
The gnoll is heavily wounded.
The gnoll hits you but does no damage. The gnoll closely misses you.
You slash the gnoll!
You kill the gnoll!
The gnoll hits you but does no damage.
You hit the gnoll.
The gnoll is moderately wounded.
The gnoll hits you from afar with a +0 spear.
* * * LOW HITPOINT WARNING * * *
The gnoll hits you but does no damage.
You hit the gnoll.
The gnoll is severely wounded.
The gnoll barely misses you. The gnoll hits you but does no damage.
You slash the gnoll!
You kill the gnoll!
The gnoll barely misses you.
Your Fighting skill increases to level 4!
There is a stone staircase leading down here.
The gnoll hits you but does no damage.
You climb downwards.
Blork the orc shouts!
The jelly quivers.
There is a stone staircase leading up here.
Found 10 gold pieces.
Found a stone staircase leading down.
Blork the orc gestures at you while chanting.
The puff of flame misses you.
Blork the orc gestures at you while chanting.
The puff of flame hits you.
* * * LOW HITPOINT WARNING * * *
There is a stone staircase leading down here.
You climb downwards.
Found a potion of ambrosia and 6 boomerangs.
There is a stone staircase leading up here.
An ufetubus comes into view.
Found 14 gold pieces.
The centaur wields a +0 shortbow.
The centaur shoots an arrow.
The arrow barely misses you.
The centaur shoots an arrow.
The arrow hits you!
You die...

#... #....
.#...# #..c
...#..##..#####
.........#...#
...........#
####.........##
#.............#
##..@.......
#.<.........
#......##..#
#......# #
##....#...
##...#..5 ##...
$.. ........
##.(.


You could see a centaur.

Vanquished Creatures
  3 gnolls (D:3)
  3 adders
  A dart slug (D:1)
  3 endoplasms
  2 giant cockroaches
  4 goblins
  5 hobgoblins
  8 jackals (D:1)
  A quokka (D:3)
  6 ball pythons
  2 bats (D:1)
  2 frilled lizards (D:1)
  A kobold (D:3)
  5 rats (D:1)
46 creatures vanquished.

Notes
Turn   | Place    | Note
-------+----------+-------------------------------------------
     0 | D:1      | monsoonserge the Merfolk Monk began the quest for the Orb.
     0 | D:1      | Reached XP level 1. HP: 18/18 MP: 1/1
    81 | D:1      | Reached XP level 2. HP: 22/24 MP: 2/2
   282 | D:1      | Reached XP level 3. HP: 29/29 MP: 3/3
   768 | D:2      | Noticed Sigmund
   869 | D:3      | Reached XP level 4. HP: 37/37 MP: 4/4
   949 | D:3      | Reached skill level 5 in Dodging
   960 | D:4      | Noticed Blork the orc
   984 | D:5      | Entered Level 5 of the Dungeon
   984 | D:5      | Noticed a centaur
   986 | D:5      | Shot with an arrow by a centaur

Illustrated notes

Levels and vault maps discovered:
D:1:      denvon_arrival_waterhouse, layout_loops_cross,
          chequers_serial_rivers_micro_e, chequers_serial_rivers_marsh,
          chequers_serial_rivers_micro_c
D:2:      layout_rooms, st_stairs_9, kennysheep_generic_room_13, uniq_sigmund
D:3:      layout_basic, mainiacjoe_overflow_surrounded_room, saegor_snake_ambush
D:4:      minmay_goblin_kobold_castle, layout_basic, vehumet_statue,
          minmay_ruptured, uniq_blork_the_orc
D:5:      layout_cave_pools

Skill      XL: |  1  2  3  4 |
---------------+-------------+-----
Long Blades    | 4 |  4.9
Dodging        | 5 |  5.0
Fighting       | 4 |  4.0
Armour         | |  0.8

Action                     |  1- 3 |  4- 6 || total
---------------------------+-------+-------++-------
  Melee: Falchion          |    82 |    16 ||    98
         Tailslap          |     5 |       ||     5
 Armour: Robe              |     3 |       ||     3
         Leather armour    |     6 |       ||     6
         Ring mail         |    12 |     9 ||    21
  Dodge: Dodged            |    63 |    12 ||    75
